 Dungeon Crawl Stone Soup version 0.20-a0-449-g96be121 (webtiles) character file.

22 Amnesiac the Sneak (level 2, 0/19 HPs)
             Began as a Mummy Enchanter on Jan 7, 2017.
             Slain by a giant cockroach (1 damage)
             ... on level 3 of the Dungeon.
             The game lasted 00:02:45 (988 turns).

Amnesiac the Sneak (Mummy Enchanter)                 Turns: 988, Time: 00:02:47

Health: 0/19       AC:  3    Str: 11    XL:     2   Next: 68%
Magic:  5/5        EV: 11    Int: 14    God:
Gold:   95         SH:  0    Dex: 12    Spells: 3/6 levels left

rFire  x . .     SeeInvis .     a - +1 dagger
rCold  + . .     Gourm    .     g - +0 leather armour (curse)
rNeg   + + +     Faith    .     (no shield)
rPois  ∞         Spirit   .     (no helmet)
rElec  .         Reflect  .     (no cloak)
rCorr  .         Harm     .     (no gloves)
MR     .....                    (no boots)
Stlth  +.........               (no amulet)
                                (no ring)
                                (no ring)

@: glowing
A: no food or potions, fire vulnerability, cold resistance 1, negative energy
resistance 3, torment resistance, unbreathing
a: no special abilities


You were on level 3 of the Dungeon.
You were not hungry.

You visited 1 branch of the dungeon, and saw 4 of its levels.

You collected 95 gold pieces.

Inventory:

Hand Weapons
 a - a +1 dagger (weapon)
Armour
 b - a +0 robe
 e - a cursed +0 ring mail
 g - a cursed +0 leather armour (worn)
Scrolls
 d - 3 scrolls of remove curse {unknown}
 f - a scroll of amnesia {unknown}
 h - a scroll of fear {unknown}
 i - a scroll of magic mapping {unknown}
Books
 c - a book of Maledictions

   Spells                             Type                      Level
   a - Corona                         Hexes                        1
   b - Ensorcelled Hibernation        Hexes/Ice                    2
   c - Confuse                        Hexes                        3
   d - Tukima's Dance                 Hexes                        3
   e - Dazzling Spray                 Conjuration/Hexes            3
 j - a book of Cantrips

   Spells                             Type                      Level
   a - Confusing Touch                Hexes                        1
   b - Animate Skeleton               Necromancy                   1
   c - Summon Small Mammal            Summoning                    1
   d - Apportation                    Translocation                1


   Skills:
 - Level 1.0 Short Blades
 - Level 1.5 Dodging
 - Level 3.0 Stealth
 + Level 2.8 Spellcasting
 - Level 3.0 Hexes


You had 3 spell levels left.
You knew the following spells:

 Your Spells              Type           Power        Failure   Level  Hunger
f - Corona                Hex            ##.....      10%         1    N/A
z - Ensorcelled Hibernat  Hex/Ice        #.....       24%         2    N/A

Dungeon Overview and Level Annotations

Branches:
Dungeon (4/15)
 Temple: D:4-7

Altars:

Annotations:
D:4 Dowan, Duvessa


Innate Abilities, Weirdness & Mutations

You do not eat or drink.
Your flesh is vulnerable to fire.
You are immune to poison.
Your flesh is cold resistant. (rC+)
You are immune to negative energy. (rN+++)
You are immune to unholy pain and torment.
You can survive without breathing.


Message History

Found a scroll labeled CIOMUT WEAB.
Found a stone staircase leading down.
Found a bread ration.
Dowan casts a spell at something.
Dowan casts a spell at you. The puff of frost hits you! You resist.
* * * LOW HITPOINT WARNING * * *
The hound barks!
The quokka twitches its whiskers.
Dowan gestures at you while chanting.
You are outlined in light.
There is a stone staircase leading up here.
The giant cockroach bites you but does no damage.
Dowan casts a spell.
Dowan blinks!
You climb upwards.
A giant cockroach comes into view.
The giant cockroach closely misses you.
Found a potion of haste and 7 gold pieces.
There is a stone staircase leading down here.
The giant cockroach bites you.
You die...

.... ... ...
# ..#
#.####.#
#...$..#
#......#
.#.....@#
......s>#
.#.....s#
........!
..#.......
...........
##.###......
... ........
.. .........


You could see 2 giant cockroaches.

Vanquished Creatures
  An adder (D:3)
  An orc (D:2)
  A bat (D:2)
  A giant cockroach (D:1)
  3 hobgoblins (D:1)
  A ball python (D:1)
  A frilled lizard (D:2)
  A goblin (D:1)
  2 kobolds
  A rat (D:2)
13 creatures vanquished.

Notes
Turn   | Place    | Note
-------+----------+-------------------------------------------
     0 | D:1      | Amnesiac the Mummy Enchanter began the quest for the Orb.
     0 | D:1      | Reached XP level 1. HP: 13/13 MP: 4/4
    27 | D:1      | Reached skill level 1 in Short Blades
   344 | D:3      | Reached XP level 2. HP: 19/19 MP: 3/5
   368 | D:3      | Learned a level 2 spell: Ensorcelled Hibernation
   941 | D:4      | Noticed a phantom
   976 | D:4      | Noticed Duvessa
   982 | D:4      | Noticed Dowan
   988 | D:3      | Slain by a giant cockroach

Vault maps used:
D:1:      tarquinn_simple_flora_water_c
D:2:      wad_pebble_path, first_bread
D:4:      lemuel_doored_altar, fountainhead,
          nicolae_gozag_cash_rules_everything_around_me, uniq_duvessa

Skill      XL: |  1  2 |
---------------+-------+-----
Short Blades   | 1 |  1.0
Stealth        | 3 |  3.0
Hexes          | 3 |  3.0
Dodging        | |  1.5
Spellcasting   | |  2.8

Action                   || total
-------------------------++-------
Melee: Dagger            ||    27
 Cast: Corona            ||     5
       Ensorcelled Hiber ||     4
 Stab: Sleeping          ||     7
Armor: Leather armour    ||     9
Dodge: Dodged            ||    36
